 Dungeon Crawl Stone Soup version 0.22-a0-322-g60b3cfd (webtiles) character file.

103 xccam the Protected (level 4, -1/57 HPs)
             Began as a Gnoll Wanderer on Apr 4, 2018.
             Succumbed to a gnoll's poison
             ... on level 3 of the Dungeon.
             The game lasted 00:04:28 (1524 turns).

xccam the Protected (Gnoll Wanderer)                Turns: 1524, Time: 00:04:28

Health: -1/57      AC:  7    Str: 21    XL:     4   Next: 79%
Magic:  6/6        EV: 11    Int: 11    God:
Gold:   50         SH:  0    Dex: 20    Spells: 5/5 levels left

rFire    . . .     SeeInvis +   c - +0 hand axe
rCold    . . .     Gourm    .   (no shield)
rNeg     . . .     Faith    .   k - +0 ring mail
rPois    .         Spirit   .   (no helmet)
rElec    .         Reflect  .   (no cloak)
rCorr    .         Harm     .   (no gloves)
MR       .....                  (no boots)
Stlth    ..........             n - amulet of rage
HPRegen  0.19/turn              p - +3 ring of strength
MPRegen  0.10/turn              q - ring of see invisible

@: berserking, lethally poisoned (-1 -> -47), very quick
A: distributed training, fangs 1, strong nose
a: Evoke Berserk Rage


You were on level 3 of the Dungeon.
You were near starving.

You visited 1 branch of the dungeon, and saw 3 of its levels.

You collected 50 gold pieces.

Inventory:

Hand Weapons
 a - a +2 dagger
 c - a +0 hand axe (weapon)
Armour
 e - a +0 large shield
 k - a +0 ring mail (worn)
Jewellery
 g - an uncursed amulet of regeneration
 n - an amulet of rage (around neck)
 o - an uncursed ring of fire
 p - a +3 ring of strength (left hand)
 q - a ring of see invisible (right hand)
Wands
 u - a wand of paralysis (9)
Scrolls
 b - a scroll of blinking
 d - a scroll of teleportation
 h - a scroll of fear {unknown}
 j - a scroll of enchant armour {unknown}
 r - 3 scrolls of identify
 s - a scroll of immolation {unknown}
 t - a scroll of amnesia {unknown}
 w - a scroll of remove curse {unknown}
Potions
 i - a potion of mutation
 m - a potion of flight
 v - a potion of degeneration {unknown}
Comestibles
 f - 6 rations


   Skills:
 + Level 4.7 Fighting
 + Level 1.2 Short Blades
 + Level 1.2 Long Blades
 + Level 2.8 Axes
 + Level 1.2 Maces & Flails
 + Level 1.2 Polearms
 + Level 1.2 Staves
 + Level 1.2 Slings
 + Level 1.2 Bows
 + Level 1.2 Crossbows
 + Level 1.2 Throwing
 + Level 10.4 Armour
 + Level 1.2 Dodging
 + Level 2.6 Stealth
 + Level 1.2 Shields
 + Level 1.2 Unarmed Combat
 + Level 1.2 Spellcasting
 + Level 1.0 Conjurations
 + Level 1.0 Hexes
 + Level 1.0 Charms
 + Level 1.0 Summonings
 + Level 1.0 Necromancy
 + Level 1.0 Translocations
 + Level 1.0 Transmutations
 + Level 1.0 Fire Magic
 + Level 1.0 Ice Magic
 + Level 1.0 Air Magic
 + Level 1.0 Earth Magic
 + Level 1.0 Poison Magic
 + Level 1.3 Invocations
 + Level 2.8 Evocations


You had 5 spell levels left.
You didn't know any spells.

Dungeon Overview and Level Annotations

Branches:
Dungeon (3/15)

Altars:
Nemelex Xobeh
Vehumet


Innate Abilities, Weirdness & Mutations

Your experience applies equally to all skills.
You have very sharp teeth.
Your uncanny sense of smell can sniff out nearby items.


Message History

A red film seems to cover your vision as you go berserk!
You feel yourself moving faster!
You feel mighty!
You are near starving!
You feel very sick.
The gnoll hits you with a spear of venom.
You are more poisoned.
You hit the gnoll.
The gnoll is almost dead.
You feel very sick.
The gnoll hits you from afar with a halberd.
The gnoll hits you with a spear of venom.
* * * LOW HITPOINT WARNING * * *
You are more poisoned.
Your ring mail prevents you from hitting the gnoll.
You kill the gnoll!
* * * LOW HITPOINT WARNING * * *
You feel very sick.
The gnoll hits you from afar with a halberd!
* * * LOW HITPOINT WARNING * * *
You die...

..... .# #...# .#
#...##.# +#
######......# .g.
...........# ..$.
#........## .....
.###........^####......
#..........@g...'......
##.#.........####......
#........## .....
...........## ....
#######.....# ...
#####.### +# #.<.....#
#.###.#.# #.# #.#.#


You could see a gnoll.

Vanquished Creatures
  2 adders (D:2)
  3 gnolls
  A dart slug (D:1)
  A leopard gecko (D:2)
  2 giant cockroaches (D:2)
  8 goblins
  7 hobgoblins
  2 jackals (D:1)
  A ball python (D:2)
  8 bats
  3 frilled lizards
  13 kobolds
  3 rats
54 creatures vanquished.

Notes
Turn   | Place    | Note
-------+----------+-------------------------------------------
     0 | D:1      | Reached skill level 10 in Armour
     0 | D:1      | xccam the Gnoll Wanderer began the quest for the Orb.
     0 | D:1      | xccam set off with: a +2 dagger, a scroll of blinking, a +0 hand axe, a scroll of teleportation, a +0 robe, a ration
     0 | D:1      | Reached XP level 1. HP: 20/20 MP: 2/2
   226 | D:1      | Reached XP level 2. HP: 23/26 MP: 3/3
   639 | D:2      | Reached XP level 3. HP: 31/31 MP: 4/4
   722 | D:1      | Reached skill level 1 in Invocations
   869 | D:2      | Reached skill level 1 in Short Blades
   869 | D:2      | Reached skill level 1 in Long Blades
   869 | D:2      | Reached skill level 1 in Maces & Flails
   869 | D:2      | Reached skill level 1 in Polearms
   869 | D:2      | Reached skill level 1 in Staves
   869 | D:2      | Reached skill level 1 in Slings
   869 | D:2      | Reached skill level 1 in Bows
   869 | D:2      | Reached skill level 1 in Crossbows
   869 | D:2      | Reached skill level 1 in Throwing
   869 | D:2      | Reached skill level 1 in Dodging
   869 | D:2      | Reached skill level 1 in Shields
   869 | D:2      | Reached skill level 1 in Unarmed Combat
   869 | D:2      | Reached skill level 1 in Spellcasting
   896 | D:2      | Reached XP level 4. HP: 38/38 MP: 6/6
  1036 | D:2      | Found a radiant altar of Vehumet.
  1214 | D:2      | Found a sparkling altar of Nemelex Xobeh.
  1410 | D:2      | Reached skill level 1 in Conjurations
  1410 | D:2      | Reached skill level 1 in Hexes
  1410 | D:2      | Reached skill level 1 in Charms
  1410 | D:2      | Reached skill level 1 in Summonings
  1410 | D:2      | Reached skill level 1 in Necromancy
  1410 | D:2      | Reached skill level 1 in Translocations
  1410 | D:2      | Reached skill level 1 in Transmutations
  1410 | D:2      | Reached skill level 1 in Fire Magic
  1410 | D:2      | Reached skill level 1 in Ice Magic
  1410 | D:2      | Reached skill level 1 in Air Magic
  1410 | D:2      | Reached skill level 1 in Earth Magic
  1410 | D:2      | Reached skill level 1 in Poison Magic
  1523 | D:3      | HP: 1/57 [gnoll/halberd (13)]
  1524 | D:3      | Succumbed to a gnoll's poison

Vault maps used:
D:1:      dpeg_arrival_castle, corner_web_ring
D:2:      lemuel_doored_altar, overflow_temple_1_default
D:3:      yredelemnul_altar_generic, xom_butterflies, marbit_many_paths,
          makhleb_grotto_becter, moated_statue, uniq_sigmund

Skill      XL: |  1  2  3  4 |
---------------+-------------+-----
Armour         | | 10.4
Invocations    | 1 |  1.3
Short Blades   | 1 |  1.2
Long Blades    | 1 |  1.2
Maces & Flails | 1 |  1.2
Polearms       | 1 |  1.2
Staves         | 1 |  1.2
Slings         | 1 |  1.2
Bows           | 1 |  1.2
Crossbows      | 1 |  1.2
Throwing       | 1 |  1.2
Dodging        | 1 |  1.2
Shields        | 1 |  1.2
Unarmed Combat | 1 |  1.2
Spellcasting   | 1 |  1.2
Conjurations   | 1 |  1.0
Hexes          | 1 |  1.0
Charms         | 1 |  1.0
Summonings     | 1 |  1.0
Necromancy     | 1 |  1.0
Translocations | 1 |  1.0
Transmutations | 1 |  1.0
Fire Magic     | 1 |  1.0
Ice Magic      | 1 |  1.0
Air Magic      | 1 |  1.0
Earth Magic    | 1 |  1.0
Poison Magic   | 1 |  1.0
Fighting       | |  4.7
Axes           | |  2.8
Stealth        | |  2.6
Evocations     | |  2.8

Action                   |  1- 3 |  4- 6 || total
-------------------------+-------+-------++-------
Melee: Hand axe          |    95 |    65 ||   160
       Bite              |    12 |    11 ||    23
 Abil: Evoke Berserk Rag |     1 |     1 ||     2
  Use: Scroll            |     4 |     2 ||     6
       Potion            |       |     1 ||     1
 Stab: Sleeping          |     2 |       ||     2
  Eat: Chunk             |     1 |     1 ||     2
Armor: Robe              |     4 |       ||     4
       Ring mail         |    31 |    27 ||    58
Dodge: Dodged            |    76 |    57 ||   133

Table legend:
 A = Spawn XP
 B = Non-spawn XP
 C = Spawn XP percentage of total XP
 D = Spawn monster count
 E = Non-spawn monster count
 F = Spawn count percentage of total count
 G = Total turns spent on level
                    A         B        C        D         E        F      G
               +---------+---------+-------+---------+---------+-------+---------
         Total |       0 |     148 |   0.0 |       0 |      54 |   0.0 |  1524
               +---------+---------+-------+---------+---------+-------+---------
           D:1 |       0 |      45 |   0.0 |       0 |      19 |   0.0 |   721
           D:2 |       0 |      89 |   0.0 |       0 |      34 |   0.0 |   760
           D:3 |       0 |      14 |   0.0 |       0 |       1 |   0.0 |    43
               +---------+---------+-------+---------+---------+-------+---------
